 Dungeon Crawl Stone Soup version 0.19.3-1-g3169bf9 (webtiles) character file.

5191 ChocoTaco the Severer (level 10, -6/83 HPs)
             Began as a Hill Orc Gladiator on Jan 26, 2017.
             Was a Priest of Okawaru.
             Mangled by a manticore (9 damage)
             ... on level 9 of the Dungeon.
             The game lasted 00:14:31 (8983 turns).

ChocoTaco the Severer (Hill Orc Gladiator)          Turns: 8983, Time: 00:14:32

Health: -6/83      AC: 19    Str: 22    XL:     10   Next: 60%
Magic:  23/25      EV: 11    Int:  8    God:    Okawaru [***...]
Gold:   163        SH:  0    Dex: 11    Spells: 0 memorised, 9 levels left

rFire  + . .     SeeInvis .     p - +5 battleaxe (curse)
rCold  . . .     Gourm    .     q - +1 chain mail {rPois}
rNeg   . . .     Faith    .     (shield currently unavailable)
rPois  +         Spirit   .     C - +1 helmet
rElec  .         Reflect  .     s - +2 cloak
rCorr  .         Harm     .     J - +0 pair of gloves of the Shore {rF+ Stlth+} (curse)
MR     .....                    (no boots)
Stlth  +.........               (no amulet)
                                F - ring of flight (curse)
                                z - ring of magical power

@: heroism
A: no striking features
a: Heroism, Renounce Religion, Evoke Flight


You were on level 9 of the Dungeon.
You worshipped Okawaru.
Okawaru was most pleased with you.
You were not hungry.

You visited 2 branches of the dungeon, and saw 10 of its levels.

You collected 439 gold pieces.
You spent 276 gold pieces at shops.

Inventory:

Hand Weapons
 a - a +0 war axe
 p - a cursed +5 battleaxe (weapon)
 G - a +0 morningstar
Missiles
 d - 6 throwing nets (quivered)
Armour
 b - a +2 pair of gloves
 q - a +1 chain mail of poison resistance (worn)
 s - a +2 cloak (worn)
 C - a +1 helmet (worn)
 J - the cursed +0 pair of gloves of the Shore (worn) {rF+ Stlth+}
   (You found it on level 8 of the Dungeon)

   It protects you from fire.
   It makes you more stealthy.
   It has a curse placed upon it.
Jewellery
 z - a ring of magical power (left hand)
 F - a cursed ring of flight (right hand)
Wands
 c - a wand of confusion (24/48)
 x - a wand of teleportation (6/9)
Scrolls
 h - a scroll of enchant weapon {unknown}
 i - 2 scrolls of random uselessness {unknown}
 k - 11 scrolls of identify
 l - 3 scrolls of magic mapping {unknown}
 v - 2 scrolls of noise {unknown}
 w - 6 scrolls of remove curse
 y - 2 scrolls of fog {unknown}
 B - 2 scrolls of teleportation
 E - a scroll of blinking
Potions
 e - a potion of brilliance {unknown}
 j - a potion of invisibility {unknown}
 n - a potion of mutation {unknown}
 o - 2 potions of curing {unknown}
 r - a potion of resistance {unknown}
 t - 2 potions of flight {unknown}
 u - a potion of degeneration {unknown}
 A - a potion of lignification {unknown}
 D - a potion of haste {unknown}
 H - a potion of ambrosia {unknown}
 I - a potion of might
Comestibles
 f - 6 bread rations
 g - 4 fruits
 m - a meat ration
 K - a chunk of flesh


   Skills:
 + Level 6.1(11.1) Fighting
 - Level 15.5(20.5) Axes
 - Level 1.7(6.7) Throwing
 + Level 4.8(9.8) Armour
 - Level 2.4(7.4) Dodging
 + Level 8.2 Invocations


You had 9 spell levels left.
You didn't know any spells.

Dungeon Overview and Level Annotations

Branches:
Dungeon (9/15)             Temple (1/1) D:6            Lair (0/6) D:8
    Orc: D:9-12

Altars:
Ashenzari
Cheibriados
Dithmenos
Elyvilon
Fedhas
Gozag
Hepliaklqana
Kikubaaqudgha
Makhleb
Nemelex Xobeh
Okawaru
Ru
Trog
Uskayaw
Vehumet
Xom
Yredelemnul
Zin
The Shining One

Shops:
D:7 ?


Message History

The manticore claws you.
* * * LOW HITPOINT WARNING * * *
The manticore claws you but does no damage.
You closely miss the manticore.
The manticore is almost dead.
The manticore bites you but does no damage.
The manticore closely misses you.
The manticore claws you but does no damage.
You hit the manticore.
The manticore is almost dead.
You hit the manticore.
The manticore is almost dead.
The manticore closely misses you. The manticore barely misses you. x2
Your chain mail prevents you from hitting the manticore.
The manticore is almost dead.
The manticore bites you but does no damage.
The manticore claws you.
* * * LOW HITPOINT WARNING * * *
The manticore claws you!
You die...

......
..... ....
.>. ...
.".. #..
#.... #..##
#.....
#.H##......
#.@........
##.........
#.<.......
#.........
#.........
#?.....###
#.....##
#....##
#....#


You could see a manticore.

Vanquished Creatures
  Erica (D:8)
  The ghost of VictoriousLee the Skirmisher, an amateur OpMo of Vehumet (D:4)
  4 hippogriffs
  Sigmund (D:3)
  2 basilisks (D:8)
  2 porcupines (D:8)
  An orc warrior (D:7)
  An ice beast (D:6)
  4 ogres
  3 sky beasts
  6 centaurs
  3 phantoms
  A crocodile (D:8)
  3 scorpions
  3 wights (D:6)
  2 howler monkeys
  A bullfrog zombie (D:6)
  A crimson imp (D:6)
  A quasit (D:7)
  3 hounds
  3 orc priests (D:7)
  2 bullfrog skeletons
  9 iguanas
  Natasha (D:2)
  3 orc wizards (D:7)
  3 worker ants
  A worker ant zombie (D:6)
  8 gnolls
  13 adders
  2 river rats (D:8)
  An adder skeleton (D:7)
  A worm (D:3)
  2 dart slugs
  A leopard gecko (D:4)
  23 orcs
  2 ball pythons
  9 bats
  6 giant cockroaches
  5 goblins
  8 hobgoblins
  5 jackals
  7 quokkas
  4 frilled lizards
  9 kobolds
  2 leopard gecko zombies
  A quokka skeleton (D:6)
  A quokka zombie (D:8)
  7 rats
183 creatures vanquished.

Vanquished Creatures (others)
  A fungus (D:8)
1 creature vanquished.

Grand Total: 184 creatures vanquished

Notes
Turn   | Place    | Note
-------+----------+-------------------------------------------
     0 | D:1      | ChocoTaco the Hill Orc Gladiator began the quest for the Orb.
     0 | D:1      | Reached XP level 1. HP: 18/18 MP: 1/1
   133 | D:1      | Reached XP level 2. HP: 21/25 MP: 2/2
   300 | D:1      | Reached skill level 5 in Axes
   565 | D:2      | Reached XP level 3. HP: 25/30 MP: 3/3
  1381 | D:2      | Reached skill level 6 in Axes
  1511 | D:2      | Noticed Natasha
  1518 | D:2      | Killed Natasha
  1518 | D:2      | Reached XP level 4. HP: 37/37 MP: 4/4
  1995 | D:3      | Noticed Sigmund
  2011 | D:3      | Killed Sigmund
  2011 | D:3      | Reached skill level 8 in Axes
  2011 | D:3      | Reached XP level 5. HP: 5/42 MP: 5/5
  2011 | D:3      | Reached XP level 6. HP: 6/50 MP: 6/6
  2607 | D:3      | Reached skill level 9 in Axes
  3110 | D:4      | Reached skill level 10 in Axes
  3110 | D:4      | Reached XP level 7. HP: 5/56 MP: 7/7
  3285 | D:4      | Noticed VictoriousLee's ghost (amateur OpMo)
  3295 | D:4      | Killed VictoriousLee's ghost
  3295 | D:4      | Reached skill level 11 in Axes
  3985 | D:4      | Found a glowing golden altar of the Shining One.
  4124 | D:4      | Reached XP level 8. HP: 62/62 MP: 8/8
  4207 | D:5      | Entered Level 5 of the Dungeon
  4331 | D:5      | Reached skill level 12 in Axes
  5003 | D:5      | Found an ancient bone altar of Kikubaaqudgha.
  5414 | D:6      | Reached skill level 13 in Axes
  6084 | D:6      | Found a staircase to the Ecumenical Temple.
  6091 | Temple   | Entered the Ecumenical Temple
  6302 | Temple   | Became a worshipper of Warmaster Okawaru
  6374 | D:6      | Reached skill level 1 in Invocations
  6376 | D:6      | Reached XP level 9. HP: 6/68 MP: 11/11
  6376 | D:6      | HP: 3/68 [wight/hand axe (3)]
  6773 | D:6      | Reached skill level 5 in Invocations
  6964 | D:6      | Reached skill level 14 in Axes
  7083 | D:7      | Reached * piety under Okawaru
  7384 | D:7      | Reached skill level 15 in Axes
  7394 | D:7      | Reached ** piety under Okawaru
  7520 | D:7      | Reached skill level 1 in Armour
  7885 | D:7      | Reached XP level 10. HP: 78/78 MP: 14/14
  7960 | D:7      | Found Tafeuts's Magic Scroll Shop.
  7968 | D:7      | Bought a scroll of remove curse for 36 gold pieces
  7968 | D:7      | Bought a scroll of identify for 24 gold pieces
  7968 | D:7      | Bought a scroll of enchant armour for 90 gold pieces
  7968 | D:7      | Bought a scroll of blinking for 90 gold pieces
  7968 | D:7      | Bought a scroll of teleportation for 36 gold pieces
  8110 | D:7      | Found a shadowy altar of Dithmenos.
  8191 | D:8      | Noticed Erica
  8224 | D:8      | Killed Erica
  8224 | D:8      | Reached skill level 5 in Fighting
  8358 | D:8      | Found a staircase to the Lair.
  8360 | D:8      | Reached *** piety under Okawaru
  8451 | D:8      | Got a pair of twisted gloves
  8462 | D:8      | Identified the cursed +0 pair of gloves of the Shore {rF+ Stlth+} (You found it on level 8 of the Dungeon)
  8566 | D:8      | Found a sacrificial altar of Ru.
  8964 | D:9      | Noticed a manticore
  8979 | D:9      | HP: 4/83 [manticore (4)]
  8983 | D:9      | Mangled by a manticore

Skill      XL: |  1  2  3  4  5  6  7  8  9 10 |
---------------+-------------------------------+-----
Axes           | 5 6 8 10 11 13 15 | 15.5
Invocations    | 3 6 8 |  8.2
Fighting       | 3 6 |  6.1
Armour         | 2 4 |  4.8
Throwing       | |  1.7
Dodging        | |  2.4

Action                   |  1- 3 |  4- 6 |  7- 9 | 10-12 || total
-------------------------+-------+-------+-------+-------++-------
Melee: War axe           |   102 |   114 |   196 |       ||   412
       Battleaxe         |       |       |    89 |    97 ||   186
Invok: Heroism           |       |       |       |     3 ||     3
  Use: Potion            |       |     2 |     4 |       ||     6
       Scroll            |       |       |       |     3 ||     3
  Eat: Chunk             |     2 |     5 |     6 |     3 ||    16
       Beef jerky        |       |       |     3 |       ||     3
       Meat ration       |       |       |     1 |       ||     1
Armor: Leather armour    |    35 |    39 |       |       ||    74
       Chain mail        |       |    18 |   182 |    40 ||   240
Dodge: Dodged            |    85 |    70 |   122 |    40 ||   317
Block: Buckler           |       |       |    10 |       ||    10
